 Dungeon Crawl Stone Soup version 0.19.0-19-g8c6edcc (webtiles) character file.

8388 Melicamp the Changer (level 11, 0/109 HPs)
             Began as a Troll Transmuter on Nov 14, 2016.
             Was a High Priest of Cheibriados.
             Hit by a large rock thrown by a cyclops (30 damage)
             ... on level 10 of the Dungeon.
             The game lasted 00:48:08 (8226 turns).

Melicamp the Changer (Troll Transmuter)             Turns: 8226, Time: 00:48:08

Health: 0/109      AC:  7    Str: 34    XL:     11   Next: 9%
Magic:  14/14      EV: 10    Int: 22    God:    Cheibriados [*****.]
Gold:   385        SH:  0    Dex: 21    Spells: 2 memorised, 11 levels left

rFire  . . .     SeeInvis .       - Unarmed
rCold  . . .     Gourm    +     b - +0 robe
rNeg   . . .     Faith    .     (no shield)
rPois  .         Spirit   .     (helmet restricted)
rElec  .         Reflect  .     a - +1 cloak
rCorr  +         Harm     .     (gloves unavailable)
MR     .....                    (boots unavailable)
Stlth  ++........               (no amulet)
                                y - +2 ring of strength
                                r - ring of resist corrosion

@: appendage (expiring), very slow
A: unfitting armour, claws 3, horns 2, fast metabolism 3, gourmand, regeneration
1, shaggy fur 1, tough skin 2
a: End Transformation, Bend Time, Temporal Distortion, Slouch, Step From Time,
Renounce Religion


You were on level 10 of the Dungeon.
You worshipped Cheibriados.
Cheibriados was extremely pleased with you.
You were completely stuffed.
You had grown temporary horns.
You visited 2 branches of the dungeon, and saw 11 of its levels.

You collected 571 gold pieces.
You spent 186 gold pieces at shops.

Inventory:

Missiles
 C - 45 arrows
Armour
 a - a +1 cloak (worn)
 b - a +0 robe (worn)
Jewellery
 r - a ring of resist corrosion (left claw)
 y - a +2 ring of strength (right claw)
Wands
 s - a wand of lightning (9/15)
 x - a wand of flame (25/48)
 B - a wand of flame (23/48)
Scrolls
 i - 4 scrolls of remove curse
 j - 2 scrolls of magic mapping
 k - a scroll of fear
 n - a scroll of identify
Potions
 e - 2 potions of curing
 g - 2 potions of flight
 h - a potion of cure mutation
 m - a potion of magic
 o - 3 potions of brilliance
 p - a potion of lignification {unknown}
 t - a potion of agility {unknown}
 v - a potion of mutation {unknown}
 A - a potion of cancellation {unknown}
Books
 c - a book of Changes

   Spells                             Type                      Level
   a - Beastly Appendage              Transmutation                1
   b - Sticks to Snakes               Transmutation                2
   c - Spider Form                    Transmutation/Poison         3
   d - Ice Form                       Ice/Transmutation            4
   e - Blade Hands                    Transmutation                5
 D - a book of Maledictions

   Spells                             Type                      Level
   a - Corona                         Hexes                        1
   b - Ensorcelled Hibernation        Hexes/Ice                    2
   c - Confuse                        Hexes                        3
   d - Tukima's Dance                 Hexes                        3
   e - Dazzling Spray                 Conjuration/Hexes            3
Comestibles
 d - 11 bread rations
 f - 9 fruits
 l - 2 meat rations
 q - a royal jelly
 u - 9 slices of pizza
 w - 3 beef jerkies
 z - 6 chunks of flesh


   Skills:
 - Level 7.1 Fighting
 - Level 1.5 Dodging
 - Level 7.0 Unarmed Combat
 - Level 3.0 Spellcasting
 * Level 7.6 Transmutations
 - Level 6.3 Ice Magic


You had 11 spell levels left.
You knew the following spells:

 Your Spells              Type           Power        Failure   Level  Hunger
a - Beastly Appendage     Tmut           #####.       1%          1    None
b - Ice Form              Ice/Tmut       ####....     10%         4    ####...


Dungeon Overview and Level Annotations

Branches:
Dungeon (10/15)            Temple (1/1) D:5
   Lair: D:8-11         Orc: D:9-12

Altars:
Ashenzari
Cheibriados
Dithmenos
Elyvilon
Fedhas
Gozag
Hepliaklqana
Kikubaaqudgha
Makhleb
Nemelex Xobeh
Okawaru
Qazlal
Ru
Sif Muna
Trog
Uskayaw
Vehumet
Xom
Yredelemnul
Zin
The Shining One

Shops:
D:7 !==?

Annotations:
D:10 Erolcha


Innate Abilities, Weirdness & Mutations

You are too large for most types of armour.
You have claws for hands.
Your metabolism is lightning-fast.
You like to eat raw meat.
Your natural rate of healing is unusually fast.
You are covered in fur. (AC +1)
You have very tough skin. (AC +2)
You have a pair of horns on your head.


Message History

You claw the yak! Your headbutt misses the yak.
The yak is almost dead.
The yak gores you!
* * * LOW HITPOINT WARNING * * *
You barely miss the yak. Your headbutt misses the yak.
The yak is almost dead.
The yak barely misses you.
You mangle the yak!!
You kill the yak!
Cheibriados appreciates the change of pace.
Your transformation is almost over.
The cyclops throws a large rock.
The large rock hits you!
* * * LOW HITPOINT WARNING * * *
You see here a large rock.
The cyclops throws a large rock.
The large rock misses you.
The cyclops throws a large rock.
The large rock hits you but does no damage.
You see here a large rock.
The cyclops throws a large rock.
The large rock hits you!!
You die...

#.....#### #.....# #.'.
#.....'>.# #..[..# ##.#
#.....########.....###[.#
#.....#.....#......C†..##
#.....#.....##....(#####
#.....###'####.....#
####'.#.....##.....#
##..).....##.((..#
#...##########@### #.###
#.# #.# ######.##### #.#
####..........#
###'####.............#
#.....##.##).........# '
#.....##.##..........##.
#.....'..##............
#.....#####..........###


You could see a cyclops.

Vanquished Creatures
  Pikel (D:6)
  A hill giant (D:10)
  Joseph (D:8)
  A troll (D:10)
  A two-headed ogre (D:9)
  3 hippogriffs
  A wyvern (D:9)
  13 yaks
  3 hogs (D:10)
  A human (D:10)
  A hungry ghost (D:9)
  2 ice beasts
  An orc warrior (D:7)
  2 slaves (D:6)
  A phantom (D:10)
  A sky beast (D:6)
  A black bear (D:8)
  2 centaurs (D:6)
  5 ogres
  2 big kobolds
  7 bullfrogs
  A wyvern skeleton (D:7)
  A scorpion (D:6)
  11 killer bees
  4 wights (D:8)
  3 howler monkeys
  2 crimson imps
  2 bullfrog zombies
  A gnoll shaman (D:9)
  4 jellies
  5 orc wizards
  Crazy Yiuf (D:7)
  A bullfrog skeleton (D:4)
  3 orc priests
  An iguana (D:10)
  4 worker ants
  2 hound skeletons
  4 gnolls (D:9)
  7 adders
  2 shadow imps
  3 worms
  2 dart slugs (D:3)
  3 leopard geckos
  30 orcs
  A ball python (D:4)
  6 bats (D:1)
  5 giant cockroaches
  3 goblins
  9 hobgoblins
  9 jackals
  2 quokkas
  5 frilled lizards
  8 kobolds
  5 rats
201 creatures vanquished.

Vanquished Creatures (others)
  A bullfrog (D:6)
1 creature vanquished.

Grand Total: 202 creatures vanquished

Notes
Turn   | Place    | Note
-------+----------+-------------------------------------------
     0 | D:1      | Melicamp the Troll Transmuter began the quest for the Orb.
     0 | D:1      | Reached XP level 1. HP: 18/18 MP: 1/1
    65 | D:1      | Reached skill level 1 in Fighting
   211 | D:1      | Reached XP level 2. HP: 27/27 MP: 2/2
   880 | D:2      | Reached XP level 3. HP: 35/35 MP: 3/3
  1136 | D:2      | Reached XP level 4. HP: 44/44 MP: 4/4
  1299 | D:3      | Found a blossoming altar of Fedhas.
  1968 | D:4      | Reached XP level 5. HP: 50/53 MP: 3/5
  2381 | D:4      | Reached XP level 6. HP: 55/62 MP: 6/6
  2492 | D:5      | Entered Level 5 of the Dungeon
  2808 | D:5      | Found a staircase to the Ecumenical Temple.
  2876 | Temple   | Entered the Ecumenical Temple
  2955 | Temple   | Became a worshipper of Cheibriados the Contemplative
  3214 | D:6      | Reached skill level 5 in Unarmed Combat
  3565 | D:6      | Reached skill level 5 in Fighting
  3565 | D:6      | Reached XP level 7. HP: 66/72 MP: 5/7
  3694 | D:6      | Noticed Pikel
  3734 | D:6      | Killed Pikel
  3734 | D:6      | Reached XP level 8. HP: 55/84 MP: 6/8
  4177 | D:7      | Found Atwejixo's Distillery.
  4203 | D:7      | Reached * piety under Cheibriados
  4216 | D:7      | Learned a level 4 spell: Ice Form
  4227 | D:7      | Bought 2 potions of curing for 96 gold pieces
  4252 | D:7      | Found Joar's Jewellery Emporium.
  4258 | D:7      | Bought a +2 ring of strength for 90 gold pieces
  4392 | D:7      | Found a shattered altar of Ashenzari.
  4794 | D:7      | Found Kuogom's Jewellery Shop.
  4794 | D:7      | Found Jothriev's Magic Scroll Shop.
  4818 | D:7      | Reached XP level 9. HP: 93/93 MP: 9/11
  4870 | D:7      | Found a runed door.
  4875 | D:7      | Noticed Crazy Yiuf
  4879 | D:7      | Killed Crazy Yiuf
  5190 | D:8      | Noticed Joseph
  5204 | D:8      | Reached ** piety under Cheibriados
  5367 | D:8      | Killed Joseph
  5451 | D:8      | Reached skill level 5 in Transmutations
  5758 | D:8      | Reached skill level 1 in Ice Magic
  6575 | D:9      | Reached *** piety under Cheibriados
  6729 | D:9      | Reached XP level 10. HP: 86/102 MP: 13/13
  7170 | D:9      | Found a shadowy altar of Dithmenos.
  7171 | D:9      | Found a shimmering altar of Xom.
  7171 | D:9      | Found a radiant altar of Vehumet.
  7171 | D:9      | Found an opulent altar of Gozag.
  7172 | D:9      | Found a bloodstained altar of Trog.
  7173 | D:9      | Found a stormy altar of Qazlal.
  7174 | D:9      | Found a glowing golden altar of the Shining One.
  7175 | D:9      | Found a hazy altar of Hepliaklqana.
  7176 | D:9      | Found an iron altar of Okawaru.
  7557 | D:10     | Entered Level 10 of the Dungeon
  7581 | D:10     | Noticed a hill giant
  7588 | D:10     | Killed a hill giant
  7588 | D:10     | Reached **** piety under Cheibriados
  7588 | D:10     | Reached skill level 5 in Ice Magic
  7591 | D:10     | Noticed a cyclops
  7591 | D:10     | Noticed a brown ugly thing
  7698 | D:10     | Noticed Erolcha
  8201 | D:10     | Reached XP level 11. HP: 60/109 MP: 14/14
  8213 | D:10     | Reached ***** piety under Cheibriados
  8226 | D:10     | Hit by a large rock thrown by a cyclops

Skill      XL: |  1  2  3  4  5  6  7  8  9 10 |
---------------+-------------------------------+-----
Fighting       | 1 2 3 4 5 6 7 |  7.1
Unarmed Combat | 4 5 6 7 |  7.0
Transmutations | 3 5 7 |  7.6
Spellcasting   | 2 3 |  3.0
Ice Magic      | 3 6 |  6.3
Dodging        | |  1.5

Action                   |  1- 3 |  4- 6 |  7- 9 | 10-12 || total
-------------------------+-------+-------+-------+-------++-------
Melee: Unarmed           |   107 |   142 |   226 |   165 ||   640
       Kick              |     3 |     4 |    23 |    32 ||    62
       Headbutt          |       |     3 |    14 |    24 ||    41
       Punch             |       |     3 |     4 |    12 ||    19
 Cast: Beastly Appendage |     3 |     7 |    30 |    13 ||    53
Evoke: Wand              |       |       |     2 |       ||     2
  Use: Scroll            |     5 |     7 |     7 |     1 ||    20
       Potion            |       |       |     3 |     4 ||     7
 Stab: Sleeping          |     1 |     2 |       |       ||     3
  Eat: Chunk             |    16 |    18 |    27 |    16 ||    77
Armor: Robe              |    46 |    30 |    74 |    35 ||   185
Dodge: Dodged            |    62 |    54 |   119 |    63 ||   298
